 Dungeon Crawl Stone Soup version 0.28-a0-622-gbaef9634d7 (webtiles) character file.

Game seed: 7043530433756017976

23746 Iscandelvey the Destroyer (level 12, 74/74 HPs)
             Began as a Demonspawn Conjurer on Sept 21, 2021.
             Was an Elder of Vehumet.
             Quit the game on level 12 of the Dungeon on Oct 7, 2021.
             The game lasted 02:18:06 (20940 turns).

Iscandelvey the Destroyer (Demonspawn Conjurer)    Turns: 20940, Time: 02:18:07

Health: 74/74      AC: 19    Str:  7    XL:     12   Next: 74%
Magic:  26/26      EV: 13    Int: 38    God:    Vehumet [****..]
Gold:   988        SH:  4    Dex: 11    Spells: 10/32 levels left

rFire   . . .      SeeInvis .   I - +0 dagger (freeze)
rCold   . . .      Faith    .   (no shield)
rNeg    . . .      Spirit   .   M - +0 acid dragon scales
rPois   .          Reflect  .   (helmet restricted)
rElec   .          Harm     .   O - +0 cloak
rCorr   +          Rampage  .   d - +0 pair of gloves
Will    .....                   J - +2 pair of boots
Stlth   +++.......              (no amulet)
HPRegen 0.22/turn               l - +6 ring of intelligence
MPRegen 0.20/turn               D - +6 ring of intelligence

@: no status effects
A: horns 2, thin metallic scales 1, icemail 1, condensation shield, demonic
magic 1
a: Renounce Religion


You were on level 12 of the Dungeon.
You worshipped Vehumet.
Vehumet was greatly pleased with you.
You visited 4 branches of the dungeon, and saw 17 of its levels.
You also visited: Ossuary.

You collected 988 gold pieces.

Inventory:

Hand Weapons
 C - a +3 dire flail of protection
 I - a +0 dagger of freezing (weapon)
Missiles
 f - 45 poisoned darts (quivered)
 n - 5 boomerangs
 o - 444 bolts
 p - 141 arrows
 E - 2 throwing nets
 W - 2 silver boomerangs
 Y - a silver javelin
 Z - 2 javelins
Armour
 d - a +0 pair of gloves (worn)
 J - a +2 pair of boots (worn)
 M - +0 acid dragon scales (worn)
 N - a +2 robe of willpower
 O - a +0 cloak (worn)
Jewellery
 l - a +6 ring of intelligence (left hand)
 D - a +6 ring of intelligence (right hand)
 R - a ring of see invisible
 S - a ring of willpower
 V - a ring of positive energy
 X - a ring of fire
Wands
 e - a wand of flame (7)
 h - a wand of iceblast (23)
 G - a wand of paralysis (6)
 U - a wand of acid (14)
Scrolls
 a - 4 scrolls of amnesia
 c - 2 scrolls of silence
 g - a scroll of enchant armour {unknown}
 i - 4 scrolls of teleportation
 j - a scroll of fog {unknown}
 k - a scroll of vulnerability {unknown}
 m - 2 scrolls of torment {unknown}
 s - a scroll of brand weapon {unknown}
 w - a scroll of noise {unknown}
 y - a scroll of enchant weapon
 A - a scroll of acquirement {unknown}
 B - 2 scrolls of magic mapping {unknown}
 L - a scroll of fear {unknown}
 P - a scroll of holy word {unknown}
 T - a scroll of blinking {unknown}
Potions
 b - 3 potions of ambrosia
 q - 5 potions of might
 r - a potion of mutation
 t - 4 potions of heal wounds
 u - 2 potions of haste
 v - 2 potions of brilliance {unknown}
 x - a potion of degeneration {unknown}
 z - a potion of berserk rage {unknown}
 F - 2 potions of flight {unknown}
 H - a potion of magic {unknown}
 K - 7 potions of curing
 Q - 2 potions of cancellation {unknown}


   Skills:
 - Level 2.8 Throwing
 + Level 7.1 Armour
 + Level 7.3 Dodging
 - Level 5.8 Stealth
 * Level 10.5 Spellcasting
 * Level 12.0 Conjurations
 * Level 7.1 Fire Magic


You had 10 spell levels left.
You knew the following spells:

 Your Spells              Type           Power      Damage    Failure   Level
a - Magic Dart            Conj           100%       1d8       0%          1
b - Searing Ray           Conj           100%       2d8       1%          2
c - Dazzling Flash        Conj/Hex       100%       N/A       1%          3
d - Fulminant Prism       Conj/Hex       30%        3d16      1%          4
e - Foxfire               Conj/Fire      100%       2x1d9     1%          1
f - Stone Arrow           Conj/Erth      100%       3d13      1%          3
g - Mephitic Cloud        Conj/Pois/Air  50%        N/A       1%          3
h - Lee's Rapid Deconstr  Erth           10%        3d9*      22%         5

Your spell library contained the following spells:

 Spells                   Type           Power      Damage    Failure   Level
 Freeze                   Ice            80%        1d9       1%          1
 Poisonous Vapours        Pois/Air       40%        N/A       1%          2
 Hailstorm                Conj/Ice       60%        3d13      1%          4
 Iskenderun's Mystic Bla  Conj/Tloc      60%        2d13      1%          4
 Frozen Ramparts          Ice            40%        1d6       2%          3
 Corpse Rot               Necr/Air       N/A        N/A       4%          2
 Ensorcelled Hibernation  Hex/Ice        40%        N/A       4%          2
 Tukima's Dance           Hex            20%        N/A       10%         3
 Animate Armour           Summ/Erth      40%        N/A       32%         4
 Lehudib's Crystal Spear  Conj/Erth      30%        10d8      98%         8


Dungeon Overview and Level Annotations

Branches:
Dungeon (12/15)            Temple (1/1) D:5            Lair (2/6) D:10
    Orc (2/2) D:11        Ossuary (visited)
  Swamp: Lair:2-4    Shoals: Lair:2-4     Snake: Lair:2-4    Spider: Lair:2-4
    Elf: Orc:2

Altars:
Ashenzari
Cheibriados
Dithmenos
Elyvilon
Fedhas
Gozag
Hepliaklqana
Kikubaaqudgha
Makhleb
Nemelex Xobeh
Okawaru
Qazlal
Ru
Sif Muna
Trog
Uskayaw
Vehumet
Wu Jian
Xom
Yredelemnul
Zin
The Shining One
Beogh

Shops:
D:9 (   D:12 !:[

Annotations:
D:5 2 transporters, NigelTetley's ghost, amateur DECj
D:6 1 runed translucent door, amoeba's ghost, novice MiFi
D:8 exclusions: obsidian statue and orange crystal statue


Innate Abilities, Weirdness & Mutations

You have a pair of horns on your head.
You are partially covered in thin metallic scales. (AC +2)
A meltable icy envelope protects you from harm. (AC +4)
A meltable shield of frost defends you. (SH +4)
Spells you cast may paralyse adjacent enemies.


Message History

Press: ? - help, Q - select action, (/) - cycle Shift-Dir - straight line, f/p - boulder beetle
Aim: a boulder beetle (noxious fumes, moderately wounded, confused, very poisoned, 93% to hit)
You throw a poisoned dart.
The poisoned dart hits the boulder beetle!
The boulder beetle looks as sick as possible!
The boulder beetle is moderately wounded.
The boulder beetle is engulfed in noxious fumes.
The boulder beetle appears confused.
You see here 3 poisoned darts.
You hit the boulder beetle but do no damage.
You headbutt the boulder beetle.
The boulder beetle is heavily wounded.
Throw: 40 darts (poison)
Press: ? - help, Q - select action, (/) - cycle Shift-Dir - straight line, f/p - boulder beetle
Aim: a boulder beetle (heavily wounded, confused, extremely poisoned, 93% to hit)
You throw a poisoned dart.
The poisoned dart hits the boulder beetle.
The boulder beetle looks as sick as possible!
The boulder beetle is heavily wounded.
The boulder beetle barely misses you.
You hit the boulder beetle but do no damage.
The boulder beetle is severely wounded.
You hit the boulder beetle but do no damage.
You headbutt the boulder beetle, but do no damage.
The boulder beetle is almost dead.
The boulder beetle bites you!
You hit the boulder beetle but do no damage.
The boulder beetle is almost dead.
You kill the boulder beetle!
Vehumet accepts your kill.
You feel your power returning.
Your Conjurations skill increases to level 12!
f - 42 poisoned darts (gained 3)
f - 44 poisoned darts (gained 2)
f - 45 poisoned darts (gained 1)
You start resting.
Magic restored.
You start resting.
HP restored.
Are you sure you want to abandon this character and quit the game? (Confirm with "yes".)

..# ##### #.#.# #.# #...# #.#.#
#.# #∩..# #.#.# ..## ####
####..∩# ###... ...# #...#
#.....## #....# ##.# #...#
#.#...# #..#.#
...#######...####.....####....###
.................................
##..#...........@.......##.......
##..#...................##.....#.
##..#............#......##.....#.
..........<.............>........
#################################


There were no monsters in sight!

Vanquished Creatures
  A boulder beetle (D:12)
  A hydra (Lair:1)
  Erica (Orc:1)
  6 two-headed ogres
  An orc high priest (Orc:2)
  Nergalle (D:11)
  An orc knight (Orc:2)
  A deep elf zephyrmancer (D:7)
  2 ugly things (D:12)
  3 orc sorcerers
  3 cane toads (Lair:1)
  4 komodo dragons (Lair:1)
  2 rime drakes (Lair:1)
  3 trolls
  A queen bee (shapeshifter) (D:8)
  A vampire (D:10)
  2 wraiths
  14 yaks
  Eustachio (D:4)
  2 basilisks (Lair:1)
  7 vampire mosquitoes (D:10)
  2 wargs (Orc:2)
  Edmund (D:4)
  3 acid dragons
  4 water moccasins
  A meliai simulacrum (D:12)
  26 orc warriors
  An ice beast (D:8)
  A sky beast (D:8)
  3 wolves (Lair:1)
  2 ogres
  8 centaurs
  2 phantoms
  A kobold brigand (D:8)
  Blork the orc (D:4)
  2 bullfrogs
  A scorpion (D:6)
  A gnoll sergeant (D:11)
  8 water moccasin zombies
  A wyvern skeleton (D:7)
  4 killer bees (D:9)
  3 howler monkeys
  12 wights
  A bullfrog zombie (D:7)
  4 orc priests
  2 hounds
  A bullfrog skeleton (D:5)
  Terence (D:2)
  Jessica (D:3)
  2 iguanas (D:6)
  8 orc wizards
  Natasha (thrice) (D:2)
  3 hell rats (D:10)
  A killer bee zombie (D:7)
  A hound zombie (D:5)
  2 mummies (Ossuary)
  2 howler monkey zombies
  9 gnolls
  2 howler monkey skeletons (D:7)
  9 adders
  3 river rats (D:10)
  2 shadow imps (D:5)
  A white imp (D:5)
  An ufetubus (D:5)
  5 adder zombies (Ossuary)
  3 worms
  2 dart slugs
  54 orcs
  11 endoplasms
  A giant cockroach (D:4)
  4 goblins
  6 hobgoblins
  3 jackals (D:4)
  11 kobolds
  4 quokkas
  3 training dummies (D:9)
  6 ball pythons
  6 bats
  6 frilled lizards
  A gnoll zombie (Ossuary)
  3 hobgoblin zombies (Ossuary)
  4 kobold zombies (Ossuary)
  6 orc zombies (Ossuary)
  9 rats
353 creatures vanquished.

Vanquished Creatures (others)
  An orc (Orc:2)
  4 foxfires
  79 fulminant prisms
  2 fungi (Lair:1)
  13 plants
99 creatures vanquished.

Grand Total: 452 creatures vanquished

Notes
Turn   | Place    | Note
-------+----------+-------------------------------------------
     0 | D:1      | Iscandelvey the Demonspawn Conjurer began the quest for the
                  | Orb.
     0 | D:1      | Reached XP level 1. HP: 13/13 MP: 3/3
   214 | D:1      | Gained mutation: You are partially covered in thin metallic
                  | scales. (AC +2) [demonic ancestry]
   214 | D:1      | Reached XP level 2. HP: 19/19 MP: 3/5
   522 | D:1      | Learned a level 2 spell: Searing Ray
   706 | D:1      | Found a faded altar of an unknown god.
  1253 | D:2      | Gained mutation: You have a pair of small horns on your
                  | head. [demonic ancestry]
  1253 | D:2      | Reached XP level 3. HP: 24/24 MP: 1/6
  1587 | D:2      | Noticed Terence
  1949 | D:2      | Noticed Natasha
  1956 | D:2      | Killed Natasha
  2021 | D:2      | Noticed Natasha
  2023 | D:2      | Killed Natasha
  2024 | D:2      | Reached skill level 1 in Armour
  2024 | D:2      | Reached XP level 4. HP: 30/30 MP: 4/8
  2937 | D:2      | Noticed Natasha
  2943 | D:2      | Killed Natasha
  2944 | D:2      | Reached XP level 5. HP: 19/35 MP: 2/9
  3111 | D:2      | Killed Terence
  3303 | D:3      | Reached skill level 5 in Conjurations
  3541 | D:3      | Noticed Jessica
  3543 | D:3      | Killed Jessica
  3596 | D:3      | Learned a level 3 spell: Dazzling Flash
  3685 | D:4      | Noticed Blork the orc
  3880 | D:4      | Killed Blork the orc
  3881 | D:4      | Gained mutation: A meltable shield of frost defends you.
                  | (SH +4) [demonic ancestry]
  3881 | D:4      | Reached XP level 6. HP: 11/41 MP: 4/11
  3923 | D:4      | Noticed Edmund
  3971 | D:4      | Noticed Eustachio
  4050 | D:4      | Found a sand-covered staircase.
  4056 | Ossuary  | Entered an ossuary
  4267 | Ossuary  | Gained mutation: Spells you cast may paralyse adjacent
                  | enemies. [demonic ancestry]
  4267 | Ossuary  | Reached XP level 7. HP: 20/46 MP: 1/13
  4739 | Ossuary  | Reached skill level 6 in Conjurations
  4959 | D:5      | Entered Level 5 of the Dungeon
  5161 | D:5      | Found a transporter.
  5521 | D:5      | Noticed NigelTetley's ghost (amateur DECj)
  5522 | D:5      | Found a transporter.
  5761 | D:5      | Found a staircase to the Ecumenical Temple.
  5791 | Temple   | Entered the Ecumenical Temple
  5947 | Temple   | Became a worshipper of Vehumet
  6124 | D:5      | Noticed a two-headed ogre
  6183 | D:5      | Identified the +8 dire flail "Oxaff" {elec, rF- rC+++ rN+
                  | Dex+2}
  6786 | D:4      | Killed Eustachio
  6787 | D:4      | Reached skill level 5 in Spellcasting
  6787 | D:4      | Gained mutation: You have a pair of horns on your head.
                  | [demonic ancestry]
  6787 | D:4      | Reached XP level 8. HP: 40/52 MP: 1/15
  6992 | D:4      | Killed Edmund
  6993 | D:4      | Reached skill level 1 in Throwing
  7203 | D:4      | Found an opulent altar of Gozag.
  7591 | D:4      | Found a sparkling altar of Nemelex Xobeh.
  7626 | D:4      | Upgraded the game from 0.28-a0-511-gcc94558de3 to
                  | 0.28-a0-514-g0d7ab7f379
  7638 | D:5      | Killed a two-headed ogre
  7639 | D:5      | Reached skill level 7 in Conjurations
  8085 | D:6      | Reached XP level 9. HP: 57/57 MP: 11/17
  8487 | D:6      | Found a runed translucent door.
  8511 | D:6      | Noticed amoeba's ghost (novice MiFi)
  9187 | D:7      | Found a large runed translucent door.
  9187 | D:7      | Found a large runed translucent door.
  9337 | D:7      | Reached * piety under Vehumet
  9337 | D:7      | Offered knowledge of Shock by Vehumet.
  9401 | D:7      | Noticed a deep elf zephyrmancer
  9416 | D:7      | Killed a deep elf zephyrmancer
  9417 | D:7      | Reached skill level 5 in Stealth
  9417 | D:7      | Reached skill level 8 in Conjurations
  9741 | D:7      | Noticed a +0 dagger
  9741 | D:7      | Noticed a +0 dagger
  9742 | D:7      | Noticed a +0 short sword
  9742 | D:7      | Noticed a +0 falchion
  9743 | D:7      | Noticed a +0 short sword
  9743 | D:7      | Noticed a +0 spear
  9743 | D:7      | Noticed a +0 spear
  9744 | D:7      | Noticed a +0 falchion
  9745 | D:7      | Found a hide-covered altar of Uskayaw.
 10034 | D:7      | Found a basalt altar of Yredelemnul.
 10048 | D:7      | Found a shimmering altar of Xom.
 10105 | D:7      | Learned a level 4 spell: Fulminant Prism
 10369 | D:8      | Reached XP level 10. HP: 59/63 MP: 6/20
 10371 | D:8      | Reached ** piety under Vehumet
 10372 | D:8      | Offered knowledge of Foxfire by Vehumet.
 10510 | D:8      | Reached skill level 5 in Dodging
 10522 | D:8      | HP: 3/63 [kobold brigand (5)]
 10965 | D:8      | Noticed an obsidian statue
 11037 | D:8      | Noticed an orange crystal statue
 11611 | D:9      | Noticed a two-headed ogre
 11618 | D:9      | Killed a two-headed ogre
 11619 | D:9      | Reached skill level 5 in Armour
 11619 | D:9      | Reached skill level 9 in Conjurations
 11713 | D:8      | Learned a level 1 spell: Foxfire
 11717 | D:8      | Learned a level 3 spell: Stone Arrow
 11822 | D:9      | Noticed a two-headed ogre
 12007 | D:9      | Reached skill level 1 in Fire Magic
 12264 | D:9      | Killed a two-headed ogre
 12433 | D:9      | Found Xulecuz's Firing Range.
 12508 | D:10     | Entered Level 10 of the Dungeon
 12805 | D:10     | Noticed a death yak
 12805 | D:10     | Noticed a death yak
 12821 | D:10     | Noticed a death yak
 13305 | D:10     | Offered knowledge of Mephitic Cloud by Vehumet.
 13581 | D:10     | Gained mutation: A meltable icy envelope protects you from
                  | harm. (AC +4) [demonic ancestry]
 13581 | D:10     | Reached XP level 11. HP: 53/68 MP: 20/23
 13598 | D:10     | Reached *** piety under Vehumet
 13781 | D:10     | Found a staircase to the Lair.
 13829 | D:10     | Found a stormy altar of Qazlal.
 14089 | D:10     | Reached skill level 10 in Conjurations
 14106 | D:10     | Learned a level 3 spell: Mephitic Cloud
 14424 | Lair:1   | Entered Level 1 of the Lair of Beasts
 14434 | Lair:1   | Offered knowledge of Airstrike by Vehumet.
 14860 | Lair:1   | Noticed a four-headed hydra
 14873 | Lair:1   | Killed a four-headed hydra
 15626 | Lair:2   | Noticed a boulder beetle
 15686 | D:11     | Found a staircase to the Orcish Mines.
 15714 | D:11     | Noticed Nergalle
 15792 | D:11     | Reached **** piety under Vehumet
 15793 | D:11     | Offered knowledge of Lee's Rapid Deconstruction by Vehumet.
 15798 | D:11     | Reached skill level 5 in Fire Magic
 15842 | D:11     | Noticed a two-headed ogre
 15843 | D:11     | Noticed a two-headed ogre
 15851 | D:11     | Killed a two-headed ogre
 16020 | D:11     | Killed a two-headed ogre
 16021 | D:11     | Reached skill level 11 in Conjurations
 16061 | D:11     | Reached XP level 12. HP: 59/74 MP: 14/25
 16334 | D:11     | Killed Nergalle
 16668 | Orc:1    | Entered Level 1 of the Orcish Mines
 16668 | Orc:1    | Noticed Erica
 16677 | Orc:1    | Killed Erica
 16945 | Orc:2    | Entered Level 2 of the Orcish Mines
 17524 | Orc:2    | Reached skill level 10 in Spellcasting
 18204 | Orc:1    | Paralysed by an orc sorcerer for 3 turns
 20096 | D:12     | Found Lediwoss's Distillery.
 20617 | D:12     | Learned a level 5 spell: Lee's Rapid Deconstruction
 20741 | D:12     | Found Dilaisax's Book Shoppe.
 20743 | D:12     | Found Counadgh's Armour Shop.
 20757 | D:12     | Upgraded the game from 0.28-a0-514-g0d7ab7f379 to
                  | 0.28-a0-622-gbaef9634d7
 20759 | D:12     | Noticed a boulder beetle
 20787 | D:12     | Killed a boulder beetle
 20788 | D:12     | Reached skill level 12 in Conjurations
 20940 | D:12     | Quit the game

Illustrated notes

Levels and vault maps discovered:
D:1:      dpeg_arrival_pits, layout_basic, basic_ecumenical_altar,
          serial_bayou_ford_a
D:2:      layout_loops_corners, lexackson_kobold_supper, uniq_terence,
          uniq_natasha
D:3:      layout_basic, uniq_jessica
D:4:      layout_loops_ring, nemelex_diamond_rough_becter,
          mainiacjoe_overflow_alcove_4, enter_ossuary_2, serial_glass,
          glass_columns_b, glass_columns_b, glass_columns_a, glass_columns_a,
          uniq_blork_the_orc, uniq_edmund, uniq_eustachio
D:5:      layout_cave_pods, minmay_temple_entry_offerings,
          gammafunk_ghost_smash, minmay_misc_feat_ornament, chequers_garden,
          hangedman_decor_clover_reticule
D:6:      layout_cave_pools, ebering_ghost_sewer_d, minmay_between
D:7:      layout_basic, jmf_multi_god_temple2, nicolae_uskayaw_en_pointe,
          guppyfry_early_elven_hall
D:8:      minmay_separated_statues, layout_gridville, special_room
          [special_room_orc]
D:9:      layout_cross, corner_web_ring, nicolae_shop_firing_range
D:10:     layout_roguey, nicolae_overflow_hidden_temple, dpeg_lair_monsters,
          hangedman_decor_diamond_cutter
D:11:     layout_long_grid, orc_0_dummy, gauntlet_entry_generic,
          kennysheep_doodads, minmay_crystal_room, uniq_nergalle
D:12:     layout_stronghold, serial_shops, kennysheep_little_box, shop,
          nicolae_shop_behind_doors, shop
Temple:   regret_index_temple_sphere_string
Lair:1:   layout_gridlike
Lair:2:   layout_chaotic_city, minmay_shoals_entry_centaurs,
          minmay_snake_entry_guardpost_large, nzn_sisyphean_effort
Orc:1:    layout_diamond_mine, okawaru_metal_pillars_1_2, uniq_erica
Orc:2:    st_orc_rangers, layout_diamond_mine, serial_shops,
          nicolae_diamond_shop, guppyfry_orc_lava_fort

Skill      XL: |  1  2  3  4  5  6  7  8  9 10 11 12 |
---------------+-------------------------------------+-----
Dodging        | 2 3 4 5 6 7 |  7.3
Stealth        | 2 3 4 5 |  5.8
Armour         | 1 2 3 4 5 6 7 |  7.1
Spellcasting   | 3 4 5 7 8 9 10 | 10.5
Conjurations   | 5 6 7 8 9 11 12 | 12.0
Throwing       | 2 |  2.8
Fire Magic     | 3 5 7 |  7.1

Action                   |  1- 3 |  4- 6 |  7- 9 | 10-12 || total
-------------------------+-------+-------+-------+-------++-------
Melee: Unarmed           |     1 |       |       |       ||     1
       Dagger            |    29 |   152 |   246 |   278 ||   705
       Headbutt          |     1 |    33 |    45 |    47 ||   126
       Dire flail        |       |       |    10 |       ||    10
Throw: Boomerang         |       |       |    12 |     4 ||    16
       Dart              |       |       |     9 |    40 ||    49
 Cast: Magic Dart        |    51 |     8 |    29 |    12 ||   100
       Searing Ray       |     5 |    11 |    45 |    50 ||   111
       Dazzling Flash    |       |       |     8 |    84 ||    92
       Fulminant Prism   |       |       |     2 |    78 ||    80
       Stone Arrow       |       |       |       |     9 ||     9
       Foxfire           |       |       |       |     3 ||     3
       Mephitic Cloud    |       |       |       |    15 ||    15
  Use: Scroll            |       |       |       |    12 ||    12
       Potion            |       |       |       |     1 ||     1
 Stab: Sleeping          |     1 |     8 |    10 |     1 ||    20
       Distracted        |       |     1 |       |       ||     1
       Paralysed         |       |       |    27 |    85 ||   112
       Invisible         |       |       |     1 |    10 ||    11
       Confused          |       |       |       |     2 ||     2
Armor: Robe              |    17 |       |       |    47 ||    64
       Leather armour    |     3 |    55 |    73 |    83 ||   214
       Acid dragon scale |       |       |       |     4 ||     4
Dodge: Dodged            |    56 |    78 |   148 |   357 ||   639
Block: Other             |       |    12 |    45 |    99 ||   156

Table legend: (Time is in decaauts)
 A = Elapsed time spent in this place.
 B = Non-inter-level travel time spent in this place.
 C = Inter-level travel time spent in this place.
 D = Time resting spent in this place.
 E = Time spent auto-exploring this place.
 F = Levels seen in this place.
 G = Mean time per level.
                   A        B        C        D        E       F      G
               +--------+--------+--------+--------+--------+-----+--------+
         Total |  20976 |  19620 |   1356 |   6952 |   7760 |  18 | 1165.3 |
       Dungeon |  15502 |  14424 |   1078 |   4048 |   6809 |  12 | 1291.8 |
        Temple |    169 |    156 |     13 |      0 |    134 |   1 |  169.0 |
          Lair |   1242 |   1121 |    121 |    351 |    542 |   2 |  621.0 |
  Orcish Mines |   3297 |   3154 |    143 |   2330 |    275 |   2 | 1648.5 |
       Ossuary |    763 |    763 |      0 |    223 |      0 |   1 |  763.0 |
               +--------+--------+--------+--------+--------+-----+--------+

Top non-repeatable levels by time:
   Orc:1: 2451 daAuts
    D:10: 1850 daAuts
     D:2: 1754 daAuts
     D:8: 1682 daAuts
     D:5: 1625 daAuts
     D:1: 1477 daAuts
     D:4: 1477 daAuts
     D:7: 1291 daAuts
  Lair:1: 1223 daAuts
    D:11: 1099 daAuts
     D:6: 1019 daAuts
     D:9: 926 daAuts
   Orc:2: 846 daAuts
 Ossuary: 763 daAuts
    D:12: 739 daAuts
